[Event "1. Bamberg-Open 2018"]
[Site "Bamberg"]
[Date "2018.05.10"]
[Round "3"]
[White "Donchenko, Anatoly"]
[Black "Brenner, Markus"]
[Result "1-0"]
[ECO "A34"]
[WhiteElo "2301"]
[BlackElo "2079"]
[Annotator "NA"]
[PlyCount "91"]
[EventDate "2018.??.??"]
[EventType "swiss"]
[EventCountry "GER"]
[SourceTitle "playchess.com"]
[Source "ChessBase"]
[SourceQuality "1"]
[TimeControl "40/5400+30:900+30"]

1. Nf3 c5 2. c4 Nf6 3. Nc3 d5 4. cxd5 Nxd5 5. e4 Nxc3 6. dxc3 Qxd1+ 7. Kxd1 a6 {[%emt 0:00:42] A34: Symmetrical English: 2 Nc3, lines with ...d5} (7... e6 8. Bb5+ Bd7 9. a4 Nc6 10. Kc2 a6 11. Be2 Be7 12. Rd1 Rc8 13. Nd2 Na5 14. Nc4 Nxc4 15. Bxc4 {0-1 (46) Sadzikowski,D (2496)-Li,C (2722) Heusenstamm 2014}) 8. Be3 e6 9. a4 $146 ({Predecessor:} 9. Nd2 Nd7 10. a4 Ne5 11. Be2 h5 12. h3 Bd7 13. Kc2 Bc6 14. f3 b6 15. f4 Nd7 16. Bf3 Be7 17. e5 Bxf3 18. gxf3 O-O-O 19. Rhg1 g6 20. a5 {½-½ (20) Van Tienhoven,R (2389)-Dijon,J (2437) ICCF email 2011}) 9... b6 10. Nd2 Bb7 11. f3 Nd7 12. Nc4 Be7 13. Kc2 O-O 14. Be2 Bc6 15. Bf4 Ra7 16. Rhd1 Rc8 17. b3 Bd8 18. Rd2 f6 19. Nd6 Rca8 20. Bc4 Nf8 21. e5 g5 22. Bg3 Kg7 23. exf6+ Bxf6 24. Ne4 b5 25. Be2 Bxe4+ 26. fxe4 b4 27. e5 Be7 28. Bc4 Rd8 $2 (28... Rc7 $16 29. Rf1 g4) 29. Rad1 (29. Rxd8 $18 Bxd8 30. Bf2) 29... Rxd2+ 30. Rxd2 a5 31. Bf2 Rc7 32. cxb4 axb4 33. Kd3 Ng6 $2 (33... Rd7+ 34. Ke3 Rxd2 35. Kxd2 Ng6 36. Bxe6 Nxe5) 34. Ke4 Kf7 35. Be3 Nf8 36. Bb5 Ra7 37. g4 Rb7 38. Rf2+ Kg7 39. Rc2 Nd7 40. Bc4 Nf8 41. a5 Ra7 $18 42. a6 Kf7 43. Bb5 Nd7 44. Bxd7 Rxd7 45. Bxc5 Rc7 46. a7 1-0

[Event "1. Bamberg-Open 2018"]
[Site "Bamberg"]
[Date "2018.05.10"]
[Round "3"]
[White "Pribyl, Josef"]
[Black "Roettig, Hans-Peter"]
[Result "1/2-1/2"]
[ECO "A89"]
[WhiteElo "2268"]
[BlackElo "2021"]
[Annotator "NA"]
[PlyCount "39"]
[EventDate "2018.??.??"]
[EventType "swiss"]
[EventCountry "GER"]
[SourceTitle "playchess.com"]
[Source "ChessBase"]
[SourceQuality "1"]
[TimeControl "40/5400+30:900+30"]

1. d4 f5 2. g3 Nf6 3. Bg2 g6 4. c4 Bg7 5. Nc3 d6 6. Nf3 O-O 7. O-O Nc6 8. Qc2 e5 {[%emt 0:07:21] A89: Dutch Defence: Leningrad System: 5 Nf3 0-0 6 0-0 d6 7 Nc3 Nc6} 9. dxe5 Nxe5 (9... dxe5 10. Rd1 Bd7 11. Bg5 e4 12. Ne1 Ne5 13. Nd5 c6 14. Nxf6+ Bxf6 15. Bxf6 Qxf6 16. f4 exf3 17. exf3 f4 18. b3 {0-1 (73) Schepetkova,M (2243)-Osmak,I (2375) Moscow 2018}) 10. Rd1 Qe7 11. b3 $146 ({Predecessor:} 11. Bf4 a6 12. Rac1 h6 13. Nh4 Kh7 14. e4 fxe4 15. Nxe4 Bg4 16. Re1 {1-0 (27) Savoca,A (2260)-Sciallero,V (2110) ICCF email 2009}) 11... Re8 12. Bb2 h6 13. Rd2 Neg4 14. h3 Nxf2 15. Kxf2 Ne4+ 16. Ke1 ({Don't play} 16. Nxe4 $6 fxe4 17. Kg1 (17. Bxg7 Qxg7 18. Rdd1 Bf5 $11) 17... exf3 $11) 16... c6 17. Nxe4 fxe4 {[%emt 0:00:18] [#]} 18. Nh2 $1 e3 19. Rd3 Qg5 20. Nf1 $18 1/2-1/2

[Event "1. Bamberg-Open 2018"]
[Site "Bamberg"]
[Date "2018.05.10"]
[Round "3"]
[White "Spitzl, Vinzent"]
[Black "Gass, Ulrich"]
[Result "1-0"]
[ECO "B07"]
[WhiteElo "2254"]
[BlackElo "2079"]
[Annotator "NA"]
[PlyCount "98"]
[EventDate "2018.??.??"]
[EventType "swiss"]
[EventCountry "GER"]
[SourceTitle "playchess.com"]
[Source "ChessBase"]
[SourceQuality "1"]
[TimeControl "40/5400+30:900+30"]

1. e4 d6 2. d4 Nf6 3. Nc3 g6 4. Be3 c6 5. a4 Qa5 6. Bd2 Qb6 7. Nge2 a5 8. h3 Bg7 9. Be3 O-O 10. g4 h6 11. Bg2 Qc7 12. Qd2 Kh7 13. O-O e5 14. Rad1 Na6 15. f4 Nb4 16. dxe5 dxe5 17. Bc5 Re8 18. fxe5 Ng8 (18... Qxe5 $16 {was worth a try.} 19. Bd4 Qe7) 19. Qd6 (19. Bd6 $18 Qb6+ 20. Nd4) 19... Re7 (19... Qxd6 $142 20. exd6 (20. Bxd6 Be6 $18) 20... Be6) 20. Qxc7 Rxc7 21. Bd6 Rd7 22. Rd2 b6 23. Nb1 Raa7 24. c3 Na6 25. Nd4 Bb7 26. Rdf2 Ba8 27. Na3 Nc5 28. Bxc5 bxc5 29. e6 Bxd4 30. cxd4 fxe6 31. dxc5 e5 32. Nc4 Re7 33. Nb6 Kg7 34. Nc8 Rac7 35. Nxe7 Rxe7 36. Rf8 Bb7 37. Rb8 Nf6 38. b4 axb4 39. Rb1 Ba6 40. Rb6 Bd3 41. R1xb4 g5 42. Rxc6 Ra7 43. Rcb6 Ra5 44. c6 Rc5 45. Rb7+ Kg6 46. c7 Ba6 47. Ra7 Bc8 48. Rb8 Be6 49. Ra6 $18 Ng8 1-0

[Event "1. Bamberg-Open 2018"]
[Site "Bamberg"]
[Date "2018.05.10"]
[Round "3"]
[White "Schulz, Karsten"]
[Black "Schmidt, Justus"]
[Result "1/2-1/2"]
[ECO "A06"]
[WhiteElo "2246"]
[BlackElo "2136"]
[Annotator "ChessBase"]
[PlyCount "39"]
[EventDate "2018.??.??"]
[EventType "swiss"]
[EventCountry "GER"]
[SourceTitle "playchess.com"]
[Source "ChessBase"]
[SourceQuality "1"]
[TimeControl "40/5400+30:900+30"]

1. Nf3 d5 2. g3 Nf6 3. Bg2 Bf5 4. O-O e6 5. d3 c6 6. c4 h6 7. cxd5 exd5 8. Nc3 Bc5 9. Qc2 Nbd7 10. e4 dxe4 11. dxe4 Bh7 12. Re1 O-O 13. Be3 Re8 14. Nh4 Qe7 15. Rad1 Rad8 16. Nf5 Bxf5 17. exf5 Bxe3 18. Rxe3 Qc5 19. Rxe8+ Rxe8 20. h3 1/2-1/2

[Event "1. Bamberg-Open 2018"]
[Site "Bamberg"]
[Date "2018.05.10"]
[Round "3"]
[White "Spitzl, Bertram"]
[Black "Troyke, Doreen"]
[Result "1/2-1/2"]
[ECO "A08"]
[WhiteElo "2208"]
[BlackElo "2074"]
[Annotator "NA"]
[PlyCount "172"]
[EventDate "2018.??.??"]
[EventType "swiss"]
[EventCountry "GER"]
[SourceTitle "playchess.com"]
[Source "ChessBase"]
[SourceQuality "1"]
[TimeControl "40/5400+30:900+30"]

1. Nf3 d5 2. g3 Nf6 3. Bg2 e6 4. O-O Be7 5. d3 O-O 6. Nbd2 c5 7. e4 Nc6 8. Re1 Qc7 9. c3 b6 10. Qa4 {[%emt 0:05:49] C00: French: Unusual White 2nd moves} (10. e5 Nd7 11. Qe2 a5 12. Nf1 a4 13. Bf4 Bb7 14. h4 Rfc8 15. Ne3 Qd8 16. h5 b5 17. Nxd5 exd5 18. e6 Nf8 19. exf7+ Kxf7 {0-1 (37) Morozevich,A (2675)-Hou,Y (2666) Biel 2017}) 10... Bb7 11. Nf1 Rad8 $146 ({Predecessor:} 11... a6 12. Bf4 e5 13. Bg5 Rfd8 14. Ne3 d4 15. cxd4 Nxd4 16. Nxd4 Rxd4 17. Qb3 Rad8 {0-1 (49) Karasev,V (2421)-Klovans,J (2455) Halle 2004}) 12. e5 Nd7 13. Bf4 Rfe8 14. h4 Nf8 15. h5 h6 16. N1h2 Nh7 17. Ng4 Ng5 ({Black should try} 17... d4 $11) 18. Bxg5 hxg5 19. Kh2 (19. d4 $14) 19... Rf8 20. h6 ({Better is} 20. Qc2 $11) 20... d4 21. c4 gxh6 22. Nxh6+ Kg7 23. Ng4 Rh8+ 24. Kg1 Rdg8 25. a3 Kf8 26. b4 cxb4 27. axb4 Nxb4 28. Qxa7 Nc6 29. Qa4 Nb4 30. Qb3 Nc6 31. Reb1 Bc5 32. Qd1 Rg6 33. Qd2 Ke7 34. Rb5 Rd8 $2 (34... Kf8 {might work better.} 35. Nxg5 Be7) 35. Nxg5 Nxe5 $2 (35... Rdg8 {might work better.}) 36. Qf4 f6 $2 (36... Nf3+ 37. Bxf3 Qxf4 38. gxf4 Bxf3) 37. Nxe5 $2 (37. Bxb7 $18 {has better winning chances.} Rdg8 38. Ne4) 37... Qxe5 38. Qxe5 fxe5 39. Bxb7 Rxg5 40. Be4 Kf6 41. Rb2 Rg7 42. Kg2 Rh8 43. Rbb1 Rg5 44. Rh1 Rgh5 45. Rxh5 Rxh5 46. Ra8 Rg5 47. Rh8 Kg7 48. Rh7+ Kf6 $1 49. Rh6+ Ke7 50. Rh7+ (50. Kf3 $14) 50... Kf6 $14 51. Rb7 Rg7 52. Rb8 Kg5 53. Re8 Kf6 54. f3 Kf7 55. Rb8 Rg8 56. Rb7+ Kf6 57. g4 Rh8 58. Kg3 Rh1 59. Rb8 Kg7 60. Kg2 Rh8 61. Rb7+ Kf6 62. Kg3 Rh1 63. Bh7 Rd1 64. Rb8 Rh1 65. Be4 Kg7 66. Kg2 Rh8 67. Rxh8 Kxh8 68. g5 Kg7 69. Kg3 Bb4 70. g6 Kh6 71. Kf2 Bf8 72. Ke2 Kg5 73. Kd2 Kf6 74. Kc2 Ke7 75. Kb3 Kd7 76. Ka4 Kc7 77. Kb5 Bh6 78. Bc6 Bg7 79. Be8 Bf8 80. Bf7 Bg7 81. Bxe6 Bf8 82. Bf5 Bg7 83. c5 bxc5 84. Kxc5 Kd8 85. Kd6 Ke8 86. Ke6 Bf8 1/2-1/2

[Event "1. Bamberg-Open 2018"]
[Site "Bamberg"]
[Date "2018.05.10"]
[Round "3"]
[White "Friedel, Marcus"]
[Black "Korolev, Alexandr"]
[Result "0-1"]
[ECO "A20"]
[WhiteElo "2190"]
[BlackElo "2071"]
[Annotator "NA"]
[PlyCount "126"]
[EventDate "2018.??.??"]
[EventType "swiss"]
[EventCountry "GER"]
[SourceTitle "playchess.com"]
[Source "ChessBase"]
[SourceQuality "1"]
[TimeControl "40/5400+30:900+30"]

1. c4 e5 2. g3 Nf6 3. Bg2 Nc6 4. Nc3 Bb4 5. Nd5 Bc5 6. e3 O-O 7. Ne2 d6 {[%emt 0:01:55] A25: English Opening vs King's Indian with ...Nc6 but without early d3} (7... Nxd5 8. cxd5 Ne7 9. b3 c6 10. Bb2 Nxd5 11. Bxe5 Nc7 12. Qc2 Ne6 13. Nf4 Qe7 14. Nxe6 dxe6 15. O-O Bd7 16. Rab1 {½-½ (41) Harikrishna,P (2740)-Yilmaz,M (2582) Kocaeli 2015}) 8. a3 Nxd5 9. cxd5 Ne7 10. d4 exd4 11. Nxd4 Bd7 12. O-O Qc8 $146 ({Predecessor:} 12... a5 13. b3 Nf5 14. Bb2 Qf6 15. Rc1 Rfe8 16. Rc2 Nxd4 17. Bxd4 Bxd4 18. Qxd4 Qxd4 19. exd4 {1-0 (65) Tatisic,M (2260)-Govedarica,R (2418) Belgrade 2005}) 13. b4 Bb6 14. Bb2 Bh3 15. Ne2 Bxg2 16. Kxg2 Qf5 17. Nf4 a5 18. Qf3 Ng6 19. Nxg6 Qxf3+ 20. Kxf3 hxg6 21. b5 a4 22. Bc3 Bc5 23. Rfc1 f6 24. Ke2 Rfe8 25. Kd3 Kf7 26. Bd4 b6 27. Rab1 Reb8 28. h4 Rb7 29. Bb2 Ra5 30. Bc3 Ra8 31. Bb4 Ke7 32. Rc4 Kf7 33. Rh1 Rbb8 34. h5 gxh5 35. Rxh5 Re8 36. Rg4 Re5 37. Rxe5 fxe5 38. Bxc5 bxc5 39. Kc4 Rh8 40. b6 cxb6 41. Kb5 Rh2 42. Kc6 (42. Rxa4 $18 Rxf2 43. Kxb6) 42... Rxf2 43. Kxd6 Rf3 44. Re4 c4 ({Much weaker is} 44... Rxg3 $6 45. Kc7 $18) 45. Kc7 c3 ({Avoid the trap} 45... Rxg3 $2 46. d6 $18) 46. d6 Ke6 ({Don't go for} 46... Rxg3 $2 47. d7 $18) 47. Rc4 Rf7+ 48. Kxb6 Kxd6 49. Rxc3 Rf3 50. Rd3+ (50. Ka5 $11) 50... Ke6 51. Kb5 e4 52. Rc3 Rxg3 $11 53. Kxa4 g5 54. Kb5 Rg1 55. a4 Rb1+ 56. Kc5 Ra1 57. Kb5 g4 58. a5 g3 59. Rc2 Kf5 60. a6 Kg4 61. Rc6 g2 62. Rg6+ Kf3 63. a7 Rxa7 0-1

[Event "1. Bamberg-Open 2018"]
[Site "Bamberg"]
[Date "2018.05.10"]
[Round "3"]
[White "Schoene, Maria"]
[Black "Heppert, Lars"]
[Result "0-1"]
[ECO "B35"]
[WhiteElo "2180"]
[BlackElo "1907"]
[Annotator "NA"]
[PlyCount "82"]
[EventDate "2018.??.??"]
[EventType "swiss"]
[EventCountry "GER"]
[SourceTitle "playchess.com"]
[Source "ChessBase"]
[SourceQuality "1"]
[TimeControl "40/5400+30:900+30"]

1. e4 c5 2. Nf3 g6 3. d4 cxd4 4. Nxd4 Nc6 5. Nc3 Bg7 6. Be3 Nf6 7. Bc4 O-O 8. Bb3 a5 9. O-O a4 10. Nxa4 Nxe4 11. Nb5 Ra6 {[%emt 0:04:48] B35: Sicilian: Accelerated Dragon with 5 Nc3: main line} 12. Qe2 (12. f3 Nf6 13. c4 d6 14. Nac3 Na5 15. Rc1 Be6 16. Ne2 d5 17. c5 Nxb3 18. axb3 Bd7 19. Nbc3 {1-0 (36) Almasi,Z (2689)-Istratescu,A (2602) Bastia 2015}) 12... Nf6 13. c4 b6 14. Rad1 d6 15. h3 Be6 16. Nac3 Na5 17. Nd5 $146 ({Predecessor:} 17. Nd4 Nxb3 18. Nxe6 fxe6 19. axb3 {1-0 (49) Bendana Guerrero,G (2440)-Barreras Garcia,A (2417) ICCF email 2007}) 17... Nxb3 18. axb3 Nxd5 19. cxd5 Bc8 20. Bg5 Qd7 21. Rc1 Ra5 22. Nc7 f6 23. Be3 b5 24. Ne6 Rf7 25. Rc7 Qe8 26. Rfc1 Ra8 27. R7c6 Bxe6 28. dxe6 Rf8 29. Qxb5 Rb8 30. Qc4 f5 31. Rc2 h6 32. b4 g5 33. b5 Qh5 34. Rc7 Bf6 35. b6 f4 36. Bd2 Rxb6 37. Bc3 Qd1+ 38. Be1 Qxe1+ 39. Kh2 Rb4 40. Qd3 Qe4 41. Qa3 $19 Rfb8 0-1

[Event "1. Bamberg-Open 2018"]
[Site "Bamberg"]
[Date "2018.05.10"]
[Round "3"]
[White "Kraich, Klaus"]
[Black "Wagner, Florian"]
[Result "0-1"]
[ECO "D05"]
[WhiteElo "2169"]
[BlackElo "2197"]
[Annotator "ChessBase"]
[PlyCount "64"]
[EventDate "2018.??.??"]
[EventType "swiss"]
[EventCountry "GER"]
[SourceTitle "playchess.com"]
[Source "ChessBase"]
[SourceQuality "1"]
[TimeControl "40/5400+30:900+30"]

1. d4 d5 2. Nf3 Nf6 3. e3 e6 4. c4 Bb4+ 5. Bd2 Bd6 6. Nc3 b6 7. Nb5 Be7 8. cxd5 exd5 9. Rc1 c6 10. Nc3 O-O 11. Ne5 Nfd7 12. Nf3 Na6 13. Bd3 Nc7 14. O-O Ne6 15. Qc2 h6 16. Rfd1 Bb7 17. e4 dxe4 18. Nxe4 c5 19. dxc5 Ndxc5 20. Nxc5 Bxc5 21. Bh7+ Kh8 22. Be4 Qe7 23. Bxb7 Qxb7 24. b4 Be7 25. Qf5 Rad8 26. Bc3 Rxd1+ 27. Rxd1 Qc6 28. Bb2 Qa4 29. Rb1 Qxa2 30. Qc2 Bf6 31. Qc1 Nf4 32. Qc2 Re8 0-1

[Event "1. Bamberg-Open 2018"]
[Site "Bamberg"]
[Date "2018.05.10"]
[Round "3"]
[White "Boehme, Markus"]
[Black "Tscharotschkin, Michael"]
[Result "0-1"]
[ECO "C18"]
[WhiteElo "2071"]
[BlackElo "2219"]
[Annotator "NA"]
[PlyCount "122"]
[EventDate "2018.??.??"]
[EventType "swiss"]
[EventCountry "GER"]
[SourceTitle "playchess.com"]
[Source "ChessBase"]
[SourceQuality "1"]
[TimeControl "40/5400+30:900+30"]

1. e4 e6 2. d4 d5 3. Nc3 Bb4 4. e5 c5 5. a3 Bxc3+ 6. bxc3 Ne7 7. Qg4 Qc7 8. Qxg7 Rg8 9. Qxh7 cxd4 10. Ne2 Nbc6 11. f4 dxc3 {[%emt 0:00:24] C18: French: 3 Nc3 Bb4: Main line: 7 h4 and 7 Qg4} 12. h4 (12. Nxc3 Nd4 13. Bb2 Bd7 14. O-O-O Qb6 15. Qd3 Ndf5 16. Rd2 Rc8 17. g3 Ne3 18. Ne4 Rxc2+ 19. Rxc2 dxe4 20. Qxe4 Nxc2 21. Qxc2 {½-½ (31) Giri,A (2752)-Carlsen,M (2834) Wijk aan Zee 2018}) 12... d4 13. h5 Bd7 14. h6 O-O-O 15. Qd3 a6 16. h7 Rh8 {[%emt 0:01:12] [#]} 17. g4 $146 ({Don't play} 17. Nxd4 Be8 $15) ({Predecessor:} 17. Rb1 $16 Be8 18. g4 f6 19. exf6 {½-½ (43) Muzychuk,A (2593)-Danielian,E (2475) Dilijan 2013}) 17... Nxe5 18. fxe5 Bb5 19. Qg3 d3 20. Bg5 dxe2 21. Bxe2 Bxe2 22. Kxe2 f6 23. Be3 Ng6 24. Rad1 Qc4+ 25. Kf2 Rxd1 26. Rxd1 Nxe5 27. Bd4 Rxh7 28. Bxe5 fxe5 29. Qxe5 Rd7 30. Qh8+ Kc7 31. Qh2+ Kc6 32. Rxd7 Kxd7 33. Qh7+ Kc6 34. Qg8 Qf4+ 35. Ke2 Qe4+ 36. Kf1 Qf3+ 37. Ke1 Qe3+ 38. Kf1 Qc1+ 39. Kf2 Qxc2+ 40. Kg3 Qd3+ 41. Kh4 Qd7 42. Qh8 Qe7+ 43. g5 Qc5 44. Qc8+ Kd6 45. Qxb7 Qc4+ 46. Kh5 c2 47. Qb8+ Kd7 48. Qa7+ Kc6 49. Qa8+ Kb5 50. Qe8+ Ka5 51. Qd8+ Ka4 52. Qd7+ Kb3 53. Qb7+ Ka2 54. Qg2 Kxa3 55. Qg3+ Ka4 56. g6 Qd5+ 57. Kh6 c1=Q+ 58. Kh7 Qch1+ 59. Kg8 Qd8+ 60. Kf7 Qb7+ 61. Kxe6 Qbd5# 0-1